 Dungeon Crawl Stone Soup version 0.29.0-4-gdea44cf6ec (webtiles) character file.

Game seed: 11189671281635904205

236 qw the Chopper (level 6, 0/35 HPs)
             Began as a Tengu Warper on Aug 28, 2022.
             Succumbed to a scorpion's poison
             ... on level 4 of the Dungeon.
             The game lasted 00:00:17 (3776 turns).

qw the Chopper (Tengu Warper)                       Turns: 3776, Time: 00:00:17

Health: 0/35       AC:  8    Str: 14    XL:     6   Next: 6%
Magic:  10/10      EV:  8    Int: 13    God:
Gold:   170        SH:  0    Dex: 13    Spells: 9/9 levels left

rFire   + . .      SeeInvis .   Y - +0 hand axe
rCold   . . .      Faith    .   (no shield)
rNeg    . . .      Spirit   .   g - +0 chain mail
rPois   .          Reflect  .   (helmet restricted)
rElec   .          Harm     .   (no cloak)
rCorr   .          Rampage  .   (no gloves)
Will    .....                   (boots unavailable)
Stlth   ..........              (no amulet)
HPRegen 0.11/turn               i - ring of protection from fire
MPRegen 0.12/turn               (no ring)

@: lethally poisoned (0 -> -3), flying quickly and evasively, quick
A: beak, talons 3, nimble flight
a: no special abilities


You were on level 4 of the Dungeon.
You visited 1 branch of the dungeon, and saw 4 of its levels.

You collected 170 gold pieces.


Innate Abilities, Weirdness & Mutations

You have a beak for a mouth.
You have claws for feet.
Your magical nature lets you fly swiftly and evasively.


   Skills:
 - Level 2.0 Fighting
 + Level 6.2 Axes
 - Level 1.0 Throwing
 - Level 2.6 Armour
 - Level 2.1 Dodging
 - Level 2.0 Spellcasting
 - Level 2.4 Translocations


You had 9 spell levels left.
You didn't know any spells.
Your spell library contained the following spells:

 Spells                   Type           Power      Damage    Failure   Level
 Blink                    Tloc           14%        N/A       98%         2
 Gell's Gravitas          Tloc           7%         N/A       100%        3
 Lesser Beckoning         Tloc           7%         N/A       100%        3
 Teleport Other           Tloc           7%         N/A       100%        3
 Manifold Assault         Tloc           7%         N/A       100%        5

Inventory:

Hand Weapons
 h - a +3 mace
 Y - a +0 hand axe (weapon)
Missiles
 c - 2 boomerangs (quivered)
Armour
 g - a +0 chain mail (worn)
Jewellery
 i - a ring of protection from fire (left hand)
Scrolls
 a - a scroll of identify
 d - a scroll of enchant weapon {unknown}
Potions
 b - a potion of might
 e - a potion of heal wounds {unknown}

Dungeon Overview and Level Annotations

Branches:
Dungeon (4/15)
 Temple: D:4-7

Altars:
Hepliaklqana

Shops:
D:1 ((


Message History

The scorpion stings you but does no damage.
You hit the iguana but do no damage. Your kick misses the iguana.
The iguana is almost dead.
You hit the scorpion. The scorpion barely misses you.
The iguana barely misses you.
You hit the iguana.
You kill the iguana!
You barely miss the scorpion. The scorpion stings you.
Your Axes skill increases to level 6!
You barely miss the scorpion. You peck the scorpion.
The scorpion is lightly wounded.
The scorpion stings you but does no damage.
You hit the scorpion.
The scorpion is lightly wounded.
The scorpion stings you.
You are lethally poisoned!
The scorpion poisons you!
The scorpion stings you but does no damage.
You hit the scorpion. You claw the scorpion.
The scorpion is heavily wounded.
You feel very sick. The scorpion barely misses you.
You hit the scorpion but do no damage.
You peck the scorpion, but do no damage.
The scorpion is heavily wounded.
You feel sick.
The scorpion stings you but does no damage.
You hit the scorpion but do no damage. You claw the scorpion.
Your peck misses the scorpion.
The scorpion is almost dead.
You feel sick. The scorpion stings you.
You hit the scorpion.
You kill the scorpion!
You feel sick.
Your Armour skill increases to level 2!
You have reached level 6!
There is a lethal amount of poison in your body!
You feel sick.
There is a lethal amount of poison in your body!
You die...

..##.#.....#
...##...)).###
........)...<#
.......)..###
..##......# . .
#.#.....#
#.####.#.#....#
#.#....#.##....##
#..!..@##.#....#
......%...#.#...#
...........##...#
.............#..#
................#
###.#..#####.#..#
.....# .# .#
...## .. .# .. ##
#


There were no monsters in sight!

Vanquished Creatures
  A scorpion (D:4)
  2 orc priests
  An iguana (D:4)
  3 adders
  2 worms (D:2)
  2 dart slugs
  8 orcs
  5 endoplasms
  4 goblins
  8 hobgoblins
  4 kobolds
  A quokka (D:3)
  6 ball pythons
  A bat (D:1)
  4 frilled lizards
  4 rats (D:1)
56 creatures vanquished.

Vanquished Creatures (others)
  2 fungi (D:1)
  4 plants (D:1)
6 creatures vanquished.

Grand Total: 62 creatures vanquished

Notes
Turn   | Place    | Note
-------+----------+-------------------------------------------
     0 | D:1      | qw the Tengu Warper began the quest for the Orb.
     0 | D:1      | Reached XP level 1. HP: 12/12 MP: 4/4
     0 | D:1      | 0 ||| qw: Version: 0.1-a-89-g26bdef1
     0 | D:1      | 0 ||| qw: Game counter: 1500
     0 | D:1      | 0 ||| qw: Always use a shield: true
     0 | D:1      | 0 ||| qw: God list: Okawaru
     0 | D:1      | 0 ||| qw: Allow faded altars: false
     0 | D:1      | 0 ||| qw: Do Orc after D:15 true
     0 | D:1      | 0 ||| qw: Do second Lair branch before Depths: true
     0 | D:1      | 0 ||| qw: Lair rune preference: random
     0 | D:1      | 0 ||| qw: Plans: Normal
     0 | D:1      | 0 ||| PLANNING D:1-11
   197 | D:1      | 197 ||| Stepping ~*~*~tactically~*~*~ (stealth).
   210 | D:1      | Found a faded altar of an unknown god.
   215 | D:1      | Reached skill level 3 in Axes
   215 | D:1      | Reached XP level 2. HP: 8/17 MP: 6/6
   648 | D:1      | Found Cohim's Antique Weapon Boutique.
   657 | D:1      | 657 ||| SHOPLISTING glowing whip (115 gold, have 33).
   894 | D:1      | Found Pajessonto's Weapon Emporium.
  1241 | D:1      | 1241 ||| UPGRADING to +0 ring mail.
  1251 | D:1      | 1251 ||| DROPPING +0 leather armour.
  1252 | D:1      | 1252 ||| UPGRADING to +0 chain mail.
  1262 | D:1      | 1262 ||| DROPPING +0 ring mail.
  1263 | D:1      | 1263 ||| DROPPING amulet of magic regeneration.
  1264 | D:1      | 1264 ||| READING scroll labelled IPNOMAMEIRA.
  1265 | D:1      | 1265 ||| DROPPING scroll of blinking.
  1292 | D:2      | 1292 ||| Stepping ~*~*~tactically~*~*~ (stealth).
  1307 | D:2      | 1307 ||| Stepping ~*~*~tactically~*~*~ (stealth).
  1331 | D:2      | Reached XP level 3. HP: 13/21 MP: 7/7
  1487 | D:2      | 1487 ||| Stepping ~*~*~tactically~*~*~ (stealth).
  1504 | D:2      | Reached skill level 4 in Axes
  1589 | D:2      | 1589 ||| Stepping ~*~*~tactically~*~*~ (stealth).
  2176 | D:2      | 2176 ||| READING scroll labelled WEJON WAKKIAR.
  2179 | D:2      | 2179 ||| READING scroll labelled MUSICA BUGGAMN.
  2306 | D:2      | 2306 ||| READING 2 scrolls of identify.
  2306 | D:2      | 2306 ||| IDENTIFYING blue potion
  2307 | D:2      | 2307 ||| DROPPING potion of degeneration.
  2414 | D:3      | 2414 ||| Stepping ~*~*~tactically~*~*~ (hiding).
  2421 | D:3      | Reached XP level 4. HP: 26/26 MP: 8/8
  2744 | D:3      | 2744 ||| Stepping ~*~*~tactically~*~*~ (stealth).
  2745 | D:3      | 2745 ||| Stepping ~*~*~tactically~*~*~ (stealth).
  2747 | D:3      | 2747 ||| Stepping ~*~*~tactically~*~*~ (hiding).
  2749 | D:3      | 2749 ||| Stepping ~*~*~tactically~*~*~ (hiding).
  2896 | D:3      | 2896 ||| Stepping ~*~*~tactically~*~*~ (stealth).
  2904 | D:3      | 2904 ||| Stepping ~*~*~tactically~*~*~ (hiding).
  2906 | D:3      | 2906 ||| Stepping ~*~*~tactically~*~*~ (hiding).
  2914 | D:3      | Reached skill level 5 in Axes
  2916 | D:3      | 2916 ||| Stepping ~*~*~tactically~*~*~ (stealth).
  2922 | D:3      | 2922 ||| Stepping ~*~*~tactically~*~*~ (hiding).
  2924 | D:3      | 2924 ||| Stepping ~*~*~tactically~*~*~ (hiding).
  3060 | D:3      | 3060 ||| DROPPING +0 whip.
  3162 | D:3      | Gained mutation: Your magical nature lets you fly swiftly
                  | and evasively. [Tengu growth]
  3162 | D:3      | Reached XP level 5. HP: 28/30 MP: 9/9
  3241 | D:3      | Found a hazy altar of Hepliaklqana.
  3455 | D:3      | 3455 ||| UPGRADING to ring of protection from fire.
  3456 | D:3      | 3456 ||| READING scroll labelled BEMELLIUTZ.
  3457 | D:3      | 3457 ||| READING scroll labelled WOLOCHOG DEDE.
  3458 | D:3      | 3458 ||| READING scroll labelled XIUQORO GEDGH.
  3459 | D:3      | 3459 ||| READING 2 scrolls of identify.
  3459 | D:3      | 3459 ||| IDENTIFYING emerald potion
  3460 | D:3      | 3460 ||| Stepping randomly (stuck).
  3461 | D:3      | 3461 ||| Stepping ~*~*~tactically~*~*~ (cloud).
  3769 | D:4      | Reached skill level 6 in Axes
  3771 | D:4      | HP: 6/30 [poisoned by a scorpion]
  3773 | D:4      | HP: 2/30 [scorpion (1)]
  3775 | D:4      | Reached XP level 6. HP: 2/35 MP: 10/10
  3776 | D:4      | Succumbed to a scorpion's poison

Levels and vault maps discovered:
D:1:      dpeg_arrival_simpleton_b, layout_loops_corners,
          shapermc_ecumenical_altar_mp_ritualfount, serial_shops,
          nicolae_lakefront_shop, nicolae_shop_behind_doors
D:2:      layout_loops_ring
D:3:      layout_basic, worldfamousw_hep_ancestral_shrine,
          minmay_misc_feat_room, kennysheep_nondescript
D:4:      layout_basic, grunt_ministairs_10, minmay_misc_feat_secret_circle,
          minmay_ruptured, uniq_duvessa, uniq_eustachio

Skill      XL: |  1  2  3  4  5 |
---------------+----------------+-----
Axes           | 3 4 5 6 |  6.2
Armour         | 2 |  2.6
Fighting       | |  2.0
Throwing       | |  1.0
Dodging        | |  2.1
Spellcasting   | |  2.0
Translocations | |  2.4

Action                   |  1- 3 |  4- 6 || total
-------------------------+-------+-------++-------
Melee: Hand axe          |    66 |    58 ||   124
       Peck              |    16 |    11 ||    27
       Kick              |    17 |    18 ||    35
       Punch             |     1 |       ||     1
Throw: Boomerang         |     7 |     4 ||    11
  Use: Scroll            |     4 |     4 ||     8
Armor: Leather armour    |     5 |       ||     5
       Chain mail        |     8 |    29 ||    37
Dodge: Dodged            |    18 |    16 ||    34

Table legend:
 A = Non-vault XP
 B = Vault XP
 C = Vault XP percentage of total XP
 D = Non-vault monster count
 E = Vault monster count
 F = Vault count percentage of total count
                 A         B        C        D         E       F
            +---------+---------+-------+---------+---------+-------
      Total |     338 |       0 |   0.0 |      56 |       0 |   0.0
            +---------+---------+-------+---------+---------+-------
        D:1 |      26 |       0 |   0.0 |      16 |       0 |   0.0
        D:2 |      52 |       0 |   0.0 |      15 |       0 |   0.0
        D:3 |      94 |       0 |   0.0 |      19 |       0 |   0.0
        D:4 |     166 |       0 |   0.0 |       6 |       0 |   0.0
            +---------+---------+-------+---------+---------+-------
